AoeStats
← Fanda

Golden Pit

509170811Analyzed
1v1 RM · 6d ago on Sep 25, 2026· 29m 49s· 2 players
Game mode
Random Map
Map size
Tiny (2 player)
Population
200
Speed
Normal
Resources
Standard
Victory
Conquest
Starting age
Dark Age
Ending age
Imperial Age
RankedLock teamsTeams togetherTeam positionsShared explorationLock speedFull tech treeHidden civsTurbo modeCheats
Victory
Defeat
🇬🇧 Varangians · United Kingdom
981
+15
🇨🇿 Mongols · Czechia
967
-15
Fanda
5:46 Loom
9:54 Feudal Age
11:32 Double-Bit Axe
13:02 Wheelbarrow
22:13 Castle Age
22:42 Gold Mining
24:21 Bow Saw
26:27 Stone Mining
ToomsTV
4:22 Loom
11:23 Feudal Age
12:57 Double-Bit Axe
12:58 Horse Collar
15:20 Scale Barding Armor
15:25 Forging
15:57 Bloodlines
18:51 Town Watch
25:46 Castle Age
26:59 Chain Barding Armor
27:15 Iron Casting
28:13 Husbandry
Connection lost

Rejoining the realm…

Still unreachable

The connection could not be restored.

Session expired

The server has moved on; the page needs a fresh start.